 Dungeon Crawl Stone Soup version 0.21.0-24-g2553a3340b (console) character file.

6440 uvhash the Cleaver (level 10, -13/70 HPs)
             Began as a Demonspawn Abyssal Knight on Jan 20, 2018.
             Was a High Priest of Lugonu.
             Mangled by malin's ghost (14 damage)
             ... on level 10 of the Dungeon.
             The game lasted 00:45:32 (6180 turns).

uvhash the Cleaver (Demonspawn Abyssal Knight)      Turns: 6180, Time: 00:45:33

Health: -13/70     AC: 11    Str: 17 (18) XL:     10   Next: 67%
Magic:  13/13      EV: 14    Int: 15 (16) God:    Lugonu [*****.]
Gold:   443        SH:  0    Dex: 11 (13) Spells: 9/9 levels left

rFire    . . .     SeeInvis +   a - +5 war axe (elec)
rCold    . . .     Gourm    .   (no shield)
rNeg     . . .     Faith    +   h - +0 ring mail
rPois    .         Spirit   .   (no helmet)
rElec    .         Reflect  .   (no cloak)
rCorr    .         Harm     .   N - +2 pair of gloves
MR       .....                  M - +0 pair of boots
Stlth    ++........             r - amulet of faith
HPRegen  0.21/turn              y - +3 ring of slaying
MPRegen  0.13/turn              j - ring of see invisible

@: mighty, lethally poisoned (-13 -> -25), slowed, very slow
A: hooves 2, powered by pain 1, sturdy frame 1
a: Depart the Abyss, Bend Space, Banish, Corrupt, Enter the Abyss, Renounce
Religion


You were on level 10 of the Dungeon.
You worshipped Lugonu.
Lugonu was extremely pleased with you.
You were not hungry.

You visited 1 branch of the dungeon, and saw 10 of its levels.
You visited the Abyss 1 time.

You collected 674 gold pieces.
You spent 231 gold pieces at shops.

Inventory:

Hand Weapons
 a - a +5 war axe of electrocution (weapon)
 b - a +3 hunting sling
 I - a +0 blowgun
Missiles
 o - 60 sling bullets
 t - 2 poisoned javelins (quivered)
 x - a throwing net
 E - 25 poisoned needles
Armour
 h - a +0 ring mail (worn)
 q - a +1 leather armour of fire resistance
 M - a +0 pair of boots (worn)
 N - a +2 pair of gloves (worn)
Jewellery
 g - an uncursed ring of positive energy
 j - a ring of see invisible (right hand)
 r - an amulet of faith (around neck)
 w - an uncursed ring of flight
 y - a +3 ring of slaying (left hand)
Wands
 f - a wand of acid (7)
 m - a wand of paralysis (16)
 A - a wand of enslavement (7)
Scrolls
 k - 3 scrolls of blinking
 l - 3 scrolls of amnesia
 n - 3 scrolls of immolation
 p - 2 scrolls of remove curse
 u - 3 scrolls of enchant armour {unknown}
 v - a scroll of vulnerability {unknown}
 z - 2 scrolls of teleportation
 C - 2 scrolls of fear {unknown}
 D - a scroll of random uselessness {unknown}
 K - a scroll of enchant weapon
 L - a scroll of magic mapping {unknown}
Potions
 d - 5 potions of flight
 e - 5 potions of brilliance
 i - 4 potions of curing
 s - a potion of lignification
 B - a potion of magic
Books
 J - a book of Conjurations

   Spells                             Type                      Level
   a - Magic Dart                     Conjuration                  1
   b - Searing Ray                    Conjuration                  2
   c - Dazzling Spray                 Conjuration/Hexes            3
   d - Fulminant Prism                Conjuration/Hexes            4
   e - Force Lance                    Conjuration/Translocation    4
   f - Iskenderun's Mystic Blast      Conjuration                  4
Miscellaneous
 F - a phial of floods (inert)
Comestibles
 c - 9 rations


   Skills:
 - Level 3.0 Fighting
 * Level 10.5 Axes
 + Level 6.5 Armour
 + Level 6.3 Dodging
 + Level 3.2 Stealth
 - Level 5.1 Invocations
 + Level 3.8 Evocations


You had 9 spell levels left.
You didn't know any spells.

Dungeon Overview and Level Annotations

Branches:
Dungeon (10/15)            Temple (0/1) D:5            Lair (0/6) D:10
    Orc (0/2) D:9

Altars:
Ashenzari
Cheibriados
Dithmenos
Fedhas
Gozag
Hepliaklqana
Kikubaaqudgha
Makhleb
Okawaru
Ru
Vehumet
Wu Jian
Zin

Shops:
D:9 [

Annotations:
D:10 Sonja; malin's ghost, journeyman MiMo


Innate Abilities, Weirdness & Mutations

You have hoof-like feet.
You sometimes gain a little power by taking damage.
Your movements are slightly less encumbered by armour. (ER -2)


Message History

You focus on the pain.
You feel very mighty all of a sudden.
Malin's ghost hits malin's ghost but does no damage.
Your queen bee stings malin's ghost but does no damage.
You hit malin's ghost.
Malin's ghost is severely damaged.
You feel less wooden.
Your +2 pair of gloves unmelds from your body.
Your +0 pair of boots unmelds from your body.
Your +0 ring mail unmelds from your body.
Sonja shoots a curare-tipped needle.
The curare-tipped needle hits you.
You are poisoned.
You have difficulty breathing.
* * * LOW HITPOINT WARNING * * *
You focus on the pain.
You feel mightier all of a sudden.
You feel yourself slow down.
Malin's ghost completely misses malin's ghost.
Malin's ghost hits you!
You die...

...# #...(.....# # #.G....%..# #
## #.........#
######............# #..[....#
..# #..# .## #..# #### ##
#...#.##### ..## # #.....W@###
#..# #.....Wy'.## #..#
##......#..#########..#
###......##...#........##
##..####)#).....####.#..........
..........†......# #..K.......#.
.......####......# ###........##
...... #......# #........##
..... ####'### #........#


You could see Sonja, malin's ghost, a friendly queen bee shaped shifter and the
friendly malin's ghost.

Vanquished Creatures
  2 two-headed ogres
  An unseen horror (D:10)
  3 hippogriffs
  2 wraiths (D:9)
  5 orc warriors
  A porcupine (D:9)
  A sky beast (D:8)
  A necrophage (D:7)
  An ice beast (D:7)
  4 phantoms
  A centaur (D:7)
  4 ogres
  2 big kobolds
  An elf zombie (D:9)
  4 bullfrogs
  2 scorpions (D:7)
  A troll zombie (D:9)
  2 howler monkeys
  2 crimson imps
  2 quasits
  6 human zombies (D:9)
  3 jellies
  3 orc priests
  A gnoll shaman (D:4)
  A hound (D:6)
  8 orc wizards
  A bullfrog skeleton (D:5)
  A human skeleton (D:9)
  An iguana (D:9)
  9 worker ants
  A killer bee zombie (D:7)
  A mummy (D:9)
  6 gnolls
  10 adders
  A shadow imp (D:4)
  An ooze (D:3)
  2 worms
  10 leopard geckos
  30 orcs
  2 ball pythons
  6 giant cockroaches
  5 goblins
  4 hobgoblins
  21 jackals
  11 kobolds
  4 quokkas
  6 bats
  6 frilled lizards
  A leopard gecko skeleton (D:5)
  11 rats
215 creatures vanquished.

Vanquished Creatures (collateral kills)
  A wyvern (D:9)
  A phantom (D:9)
  A jelly (D:10)
  An orc (D:10)
4 creatures vanquished.

Vanquished Creatures (others)
  A yak (D:10)
  26 fungi (D:10)
  8 plants (D:10)
35 creatures vanquished.

Grand Total: 254 creatures vanquished

Notes
Turn   | Place    | Note
-------+----------+-------------------------------------------
     0 | Abyss:1  | uvhash the Demonspawn Abyssal Knight began the quest for the Orb.
     0 | Abyss:1  | Reached XP level 1. HP: 18/18 MP: 2/2
    66 | Abyss:2  | Noticed a large abomination
    69 | Abyss:2  | Noticed a worldbinder
    91 | Abyss:2  | Noticed a large abomination
    96 | Abyss:2  | Noticed a small abomination
    99 | Abyss:2  | Noticed a glowing orange brain
   100 | D:1      | Escaped the Abyss
   155 | D:1      | Reached skill level 2 in Axes
   190 | D:1      | Reached * piety under Lugonu
   190 | D:1      | Gained mutation: You sometimes gain a little power by taking damage. [demonic ancestry]
   190 | D:1      | Reached XP level 2. HP: 11/24 MP: 3/3
   298 | D:1      | Reached skill level 3 in Axes
   628 | D:2      | Gained mutation: You have large cloven feet. [demonic ancestry]
   628 | D:2      | Reached XP level 3. HP: 26/29 MP: 4/4
  1040 | D:2      | Reached ** piety under Lugonu
  1104 | D:2      | Reached skill level 4 in Axes
  1104 | D:2      | Reached XP level 4. HP: 21/35 MP: 5/5
  1623 | D:3      | Reached XP level 5. HP: 41/41 MP: 6/6
  1722 | D:3      | Reached *** piety under Lugonu
  1834 | D:4      | Reached skill level 5 in Axes
  1849 | D:4      | Found a blossoming altar of Fedhas.
  1894 | D:4      | Reached skill level 1 in Evocations
  2183 | D:3      | Reached XP level 6. HP: 28/47 MP: 7/7
  2191 | D:3      | Reached skill level 1 in Dodging
  2542 | D:5      | Entered Level 5 of the Dungeon
  2542 | D:5      | Noticed a sky beast
  2697 | D:5      | Found a staircase to the Ecumenical Temple.
  2756 | D:5      | Found an opulent altar of Gozag.
  2878 | D:5      | Reached skill level 6 in Axes
  3210 | D:5      | Reached XP level 7. HP: 52/52 MP: 8/8
  3420 | D:6      | Found an iron altar of Okawaru.
  3529 | D:6      | Found a glowing silver altar of Zin.
  3579 | D:6      | Found a radiant altar of Vehumet.
  3581 | D:6      | Found an ornate altar of the Wu Jian Council.
  3581 | D:6      | Found a snail-covered altar of Cheibriados.
  3582 | D:6      | Found a shadowy altar of Dithmenos.
  3583 | D:6      | Found a burning altar of Makhleb.
  3970 | D:7      | Reached **** piety under Lugonu
  3973 | D:7      | Reached skill level 7 in Axes
  4001 | D:7      | Reached XP level 8. HP: 35/57 MP: 9/9
  4099 | D:7      | Found a shattered altar of Ashenzari.
  4312 | D:7      | Noticed a hippogriff
  4337 | D:7      | Killed a hippogriff
  4337 | D:7      | Reached skill level 8 in Axes
  4571 | D:7      | Gained mutation: Your movements are slightly less encumbered by armour. (ER -2) [demonic ancestry]
  4571 | D:7      | Reached XP level 9. HP: 57/62 MP: 10/10
  4596 | D:8      | Noticed a two-headed ogre
  4605 | D:7      | Reached skill level 5 in Armour
  4822 | D:8      | Killed a two-headed ogre
  4822 | D:8      | Reached skill level 9 in Axes
  4822 | D:8      | Reached skill level 5 in Dodging
  4841 | D:8      | Reached ***** piety under Lugonu
  5201 | D:9      | Reached skill level 1 in Stealth
  5224 | D:9      | Found a hazy altar of Hepliaklqana.
  5446 | D:9      | Gained mutation: You have hoof-like feet. [demonic ancestry]
  5446 | D:9      | Reached XP level 10. HP: 41/69 MP: 12/12
  5510 | D:9      | Found an ancient bone altar of Kikubaaqudgha.
  5561 | D:9      | Reached skill level 10 in Axes
  5593 | D:9      | Found a staircase to the Orcish Mines.
  5649 | D:9      | Found Caxtomuw's Armour Emporium.
  5671 | D:9      | Bought a +2 pair of gloves for 231 gold pieces
  5784 | D:9      | Found a sacrificial altar of Ru.
  5797 | D:10     | Entered Level 10 of the Dungeon
  5797 | D:10     | Found a staircase to the Lair.
  5801 | D:10     | Noticed malin's ghost (journeyman MiMo)
  6015 | D:10     | Noticed a two-headed ogre
  6026 | D:10     | Killed a two-headed ogre
  6074 | D:10     | Noticed an unseen horror
  6095 | D:10     | Killed an unseen horror
  6095 | D:10     | Reached skill level 5 in Invocations
  6150 | D:10     | Noticed a spiny frog
  6178 | D:10     | Noticed Sonja
  6180 | D:10     | HP: 1/70 [asphyx]
  6180 | D:10     | Mangled by malin's ghost

Skill      XL: |  1  2  3  4  5  6  7  8  9 10 |
---------------+-------------------------------+-----
Axes           | 2 3 4 5 6 7 8 9 10 | 10.5
Evocations     | 1 2 3 |  3.8
Dodging        | 2 3 4 5 6 |  6.3
Armour         | 2 3 4 6 |  6.5
Stealth        | 1 3 |  3.2
Invocations    | 3 5 |  5.1
Fighting       | |  3.0

Action                   |  1- 3 |  4- 6 |  7- 9 | 10-12 || total
-------------------------+-------+-------+-------+-------++-------
Melee: Hand axe          |   117 |    64 |       |       ||   181
       Kick              |     4 |    37 |    38 |    13 ||    92
       War axe           |       |   137 |   165 |   108 ||   410
 Fire: Hunting sling     |       |     5 |     7 |       ||    12
Throw: Javelin           |       |       |    11 |     7 ||    18
Invok: Depart the Abyss  |     1 |       |       |       ||     1
       Bend Space        |       |       |     2 |       ||     2
Evoke: Wand              |     1 |     8 |     8 |    12 ||    29
       Phial of floods   |       |       |     1 |       ||     1
       Phantom mirror    |       |       |       |     1 ||     1
  Use: Scroll            |     6 |     7 |     6 |     1 ||    20
       Potion            |     1 |     2 |     1 |     3 ||     7
 Stab: Paralysed         |       |     6 |     4 |     3 ||    13
       Sleeping          |       |       |       |     2 ||     2
  Eat: Chunk             |     1 |     7 |     7 |     3 ||    18
Armor: Leather armour    |    34 |    33 |       |       ||    67
       Ring mail         |       |    14 |    39 |    23 ||    76
       Skin              |       |       |       |    10 ||    10
Dodge: Dodged            |    80 |   120 |    88 |    68 ||   356
